 Dungeon Crawl Stone Soup version 0.24.0-123-gd5b16e6ec5 (webtiles) character file.

Game seed: 5591001248210023351, levelgen mode: deterministic

86 Elellon the Cudgeler (level 4, -1/28 HPs)
             Began as a Gargoyle Fighter on Jan 11, 2020.
             Slain by a gnoll (4 damage)
             ... on level 3 of the Dungeon.
             The game lasted 00:03:03 (2362 turns).

Elellon the Cudgeler (Gargoyle Fighter)             Turns: 2362, Time: 00:03:03

Health: -1/28      AC: 11    Str: 21    XL:     4   Next: 49%
Magic:  4/4        EV:  7    Int:  8    God:
Gold:   167        SH:  9    Dex:  9    Spells: 3/3 levels left

rFire    . . .     SeeInvis .   a - +0 flail
rCold    . . .     Gourm    .   c - +0 shield
rNeg     + . .     Faith    .   b - +0 scale mail
rPois    ∞         Spirit   .   (no helmet)
rElec    +         Reflect  .   (no cloak)
rCorr    .         Harm     .   (no gloves)
MR       .....                  n - +0 pair of boots
Stlth    ..........             (no amulet)
HPRegen  0.09/turn              (no ring)
MPRegen  0.09/turn              (no ring)

@: no status effects
A: negative energy resistance 1, electricity resistance, unbreathing,
petrification resistance, rot immunity, AC +3
a: no special abilities


You were on level 3 of the Dungeon.
You were not hungry.

You visited 1 branch of the dungeon, and saw 3 of its levels.

You collected 167 gold pieces.

Inventory:

Hand Weapons
 a - a +0 flail (weapon)
Missiles
 p - 2 silver javelins (quivered)
Armour
 b - a +0 scale mail (worn)
 c - a +0 shield (worn)
 n - a +0 pair of boots (worn)
Jewellery
 j - an uncursed amulet of the gourmand {unknown}
 o - an uncursed ring of fire {unknown}
Scrolls
 g - a scroll of remove curse {unknown}
 i - 3 scrolls of identify {unknown}
 k - a scroll of magic mapping {unknown}
 l - 2 scrolls of fog {unknown}
 q - a scroll of enchant weapon {unknown}
 r - 3 scrolls of fear {unknown}
 t - a scroll of teleportation {unknown}
Potions
 d - 3 potions of might
 e - 6 potions of curing {unknown}
 h - a potion of lignification {unknown}
 m - 2 potions of degeneration {unknown}
Comestibles
 f - 7 rations


   Skills:
 + Level 3.5 Fighting
 * Level 4.1 Maces & Flails
 + Level 3.4 Armour
 + Level 3.5 Shields


You had 3 spell levels left.
You didn't know any spells.
Your spell library was empty.

Dungeon Overview and Level Annotations

Branches:
Dungeon (3/15)

Altars:


Innate Abilities, Weirdness & Mutations

You are resistant to torment.
Your stone body is resilient. (AC +3)
You are immune to poison.
You resist negative energy. (rN+)
You are resistant to electric shocks. (rElec)
You can survive without breathing.
You are immune to petrification.
You are immune to rotting.


Message History

The gnoll is severely wounded.
A jackal comes into view.
The gnoll hits you with a +0 flail. The gnoll hits you with a +0 halberd!
* * * LOW HITPOINT WARNING * * *
You closely miss the gnoll.
The gnoll is severely wounded.
The gnoll barely misses you. You block the gnoll's attack.
The gnoll splashes around in the water.
The gnoll barely misses you.
You hit the gnoll.
You kill the gnoll!
You hear a splash.
You block the gnoll's attack.
You hit the gnoll.
The gnoll is heavily wounded.
The gnoll hits you but does no damage. x3
You hit the gnoll.
The gnoll is moderately wounded.
The gnoll hits you.
You die...

#.≈≈≈....#
#.≈≈≈....#
#+###≈≈....# #####
#...#≈≈P...#
......#ggg#≈≈....#
≈≈≈≈≈≈#####≈≈....#
≈≈≈≈≈≈≈≈≈≈≈≈≈....#
≈≈≈≈≈≈≈hg≈≈≈≈...P#
.......hg@.......#
##################
#


You could see 4 gnolls and 2 jackals.

Vanquished Creatures
  A gnoll (D:3)
  An adder (D:2)
  2 worms
  A dart slug (D:1)
  5 bats
  3 giant cockroaches
  6 goblins
  6 hobgoblins
  12 jackals
  A quokka (D:3)
  2 frilled lizards
  6 kobolds
  11 rats
57 creatures vanquished.

Notes
Turn   | Place    | Note
-------+----------+-------------------------------------------
     0 | D:1      | Elellon the Gargoyle Fighter began the quest for the Orb.
     0 | D:1      | Reached XP level 1. HP: 14/14 MP: 1/1
   214 | D:1      | Reached XP level 2. HP: 16/19 MP: 2/2
   475 | D:1      | Reached skill level 3 in Maces & Flails
   796 | D:1      | Reached XP level 3. HP: 19/23 MP: 3/3
  1811 | D:3      | Reached skill level 4 in Maces & Flails
  1814 | D:3      | Reached XP level 4. HP: 20/28 MP: 4/4
  2362 | D:3      | Slain by a gnoll

Levels and vault maps discovered:
D:1:      nagdon_arrival_zigzag_paths, layout_basic, minmay_pentomino_z4
D:2:      layout_loops_cross
D:3:      lemuel_castle_with_subvaults [lemuel_castle_interior_carwin_2],
          layout_basic, grunt_ministairs_3, minmay_rat_hole

Skill      XL: |  1  2  3 |
---------------+----------+-----
Maces & Flails | 3 4 |  4.1
Fighting       | |  3.5
Armour         | |  3.4
Shields        | |  3.5

Action                   |  1- 3 |  4- 6 || total
-------------------------+-------+-------++-------
Melee: Flail             |   165 |    82 ||   247
  Eat: Chunk             |     3 |     2 ||     5
Armor: Scale mail        |    99 |    99 ||   198
Dodge: Dodged            |    50 |    67 ||   117
Block: Shield            |    86 |    70 ||   156
